 Dungeon Crawl Stone Soup version 0.30-a0-4-ga7cffc901d (webtiles) character file.

Game seed: 5524512665771888181

1080 Zeldest the Trooper (level 8, -10/84 HPs)
             Began as an Octopode Abyssal Knight on Aug 22, 2022.
             Was a High Priest of Lugonu.
             Mangled by an ogre
             ... wielding a +0 giant spiked club
              (13 damage)
             ... on level 6 of the Dungeon.
             The game lasted 00:13:13 (6388 turns).

Zeldest the Trooper (Octopode Abyssal Knight)       Turns: 6388, Time: 00:13:14

Health: -10/84     AC: 24    Str: 13    XL:     8   Next: 29%
Magic:  11/11      EV:  2    Int: 18    God:    Lugonu [*****.]
Gold:   372        SH: 10    Dex: 20    Spells: 7/7 levels left

rFire   . . .      SeeInvis .    u - +3 dagger (venom)
rCold   . . .      Faith    .    v - +0 buckler
rNeg    . . .      Spirit   .    (helmet currently unavailable)
rPois   +          Reflect  +    b - amulet of reflection
rElec   .          Harm     .    y - +6 ring of dexterity
rCorr   .          Rampage  .    w - +6 ring of intelligence
Will    .....      NoTele   +    (no ring)
Stlth   ++........               (no ring)
HPRegen 0.24/turn                (no ring)
MPRegen 0.12/turn                (no ring)
                                 (no ring)
                                 (no ring)

@: tree-form, invisible
A: stationary, stasis, torment immunity, boosted hp, almost no armour,
(amphibious), 8 rings, (camouflage 1), (gelatinous body 1), (nimble swimmer 1),
(tentacles)
a: Renounce Religion, Depart the Abyss, Bend Space, Banish, Corrupt, Enter the
Abyss


You were on level 6 of the Dungeon.
You worshipped Lugonu.
Lugonu was extremely pleased with you.
You were a tree.
You visited 1 branch of the dungeon, and saw 6 of its levels.
You visited the Abyss 1 time.
You also visited: Sewer.

You collected 372 gold pieces.

Inventory:

Hand Weapons
 l - a +2 dagger of draining
 u - a +3 dagger of venom (weapon)
Armour
 v - a +0 buckler (worn)
Jewellery
 b - an amulet of reflection (around neck)
 w - a +6 ring of intelligence (right branch)
 y - a +6 ring of dexterity (left branch)
Wands
 s - a wand of paralysis (6)
Scrolls
 a - a scroll of immolation {unknown}
 c - a scroll of fog {unknown}
 h - 3 scrolls of teleportation {unknown}
 k - 3 scrolls of blinking
 n - a scroll of enchant weapon {unknown}
 o - 2 scrolls of amnesia {unknown}
 p - 2 scrolls of summoning {unknown}
 q - 4 scrolls of noise {unknown}
 t - a scroll of poison {unknown}
Potions
 d - a potion of resistance
 e - a potion of curing
 g - 3 potions of flight
 i - a potion of mutation
 m - a potion of brilliance {unknown}
 r - a potion of heal wounds {unknown}
 x - a potion of attraction {unknown}


   Skills:
 + Level 5.5 Fighting
 + Level 4.2 Short Blades
 + Level 5.1 Dodging
 + Level 1.9 Shields
 - Level 2.2 Unarmed Combat
 + Level 5.2 Invocations


You had 7 spell levels left.
You didn't know any spells.
Your spell library contained the following spells:

 Spells                   Type           Power      Damage    Failure   Level
 Gell's Gravitas          Tloc           0%         N/A       65%         3
 Ignite Poison            Fire/Tmut/Pois 0%         N/A       65%         3
 Mephitic Cloud           Conj/Pois/Air  0%         N/A       65%         3
 Teleport Other           Tloc           0%         N/A       65%         3
 Freezing Cloud           Conj/Ice/Air   0%         6-21      100%        5
 Dispersal                Tloc           0%         N/A       100%        6


Dungeon Overview and Level Annotations

Branches:
Dungeon (6/15)             Temple (0/1) D:5           Sewer (visited)

Altars:
Hepliaklqana
Sif Muna
Vehumet
Wu Jian
Xom
Zin

Shops:
D:1 =

Annotations:
D:4 exclusion: statue
D:6 Menkaure


Innate Abilities, Weirdness & Mutations

You are a tree.
Your roots penetrate the ground, keeping you stationary.
You cannot be teleported.
You are immune to unholy pain and torment.
Your maximum health is greatly increased.
You cannot wear most types of armour.
((You are amphibious.))
You can wear up to eight rings at the same time.
((Your skin changes colour to match your surroundings (Stealth+).))
((Your rubbery body absorbs attacks. (AC +1, EV +1)))
((You are camouflaged when in or above water. (Stealth+)))
((You have tentacles for arms and can constrict up to eight enemies at once.))


Message History

You feel better. You block the scorpion's attack.
The orc shouts!
You hit the scorpion.
The scorpion is poisoned.
The scorpion is lightly wounded.
You hear a shout!
Menkaure barely misses you. You block the scorpion's attack.
You hit the scorpion.
The scorpion looks as sick as possible!
The scorpion is moderately wounded.
You block the scorpion's attack.
An orc comes into view. It is wielding a +0 hand axe.
Menkaure hits you!
* * * LOW HITPOINT WARNING * * *
You feel better.
You kill the scorpion!
Lugonu accepts your kill.
Aiming: Paralyse
Press: ? - help, Shift-Dir - straight line, f - ogre
Aim: an ogre, wielding a +0 giant spiked club (moderately wounded, unable to see you, poisoned, chance to affect: 49%)
The ogre resists with some effort.
You block Menkaure's attack.
Aiming: Paralyse
Press: ? - help, Shift-Dir - straight line, f/p - ogre
Aim: an ogre, wielding a +0 giant spiked club (moderately wounded, unable to see you, poisoned, chance to affect: 49%)
The ogre resists with some effort.
You block Menkaure's attack.
The ogre hits you with a +0 giant spiked club!!
* * * LOW HITPOINT WARNING * * *
An orc comes into view. It is wielding a +0 dagger.
Aiming: Paralyse
Press: ? - help, Shift-Dir - straight line, f/p - ogre
Aim: an ogre, wielding a +0 giant spiked club (heavily wounded, unable to see you, poisoned, chance to affect: 49%)
The ogre resists with some effort.
The orc shouts!
Menkaure hits you.
* * * LOW HITPOINT WARNING * * *
An orc comes into view. It is wielding a +0 club.
Aiming: Paralyse
Press: ? - help, Shift-Dir - straight line, f/p - ogre
Aim: an ogre, wielding a +0 giant spiked club (heavily wounded, unable to see you, poisoned, chance to affect: 49%)
The ogre resists with some effort.
The ogre hits you with a +0 giant spiked club!
You die...

.# ### . ...####
.## .......#..#
........#.#
........#.##
o...o..M#..##...
....o..♣†.......
.o.$...O.###....
........## .
....##..# ..#
#..## # ##..#
#§.# #O.## #...#


You could see an ogre (unable to see you, poisoned), Menkaure and 4 orcs.

Vanquished Creatures
  A phantom (D:5)
  A bullfrog (Sewer)
  3 scorpions
  A jelly (D:4)
  2 orc priests (D:5)
  6 hounds
  Jessica (D:2)
  4 iguanas
  4 orc wizards
  12 adders
  3 worms
  3 dart slugs (D:1)
  15 orcs
  6 endoplasms
  12 giant cockroaches
  11 goblins
  3 hobgoblins
  9 jackals
  7 quokkas
  7 ball pythons
  4 bats
  17 frilled lizards
  12 kobolds
  10 rats
154 creatures vanquished.

Vanquished Creatures (others)
  A plant (D:4)
1 creature vanquished.

Grand Total: 155 creatures vanquished

Notes
Turn   | Place    | Note
-------+----------+-------------------------------------------
     0 | Abyss:1  | Zeldest the Octopode Abyssal Knight began the quest for the
                  | Orb.
     0 | Abyss:1  | Reached XP level 1. HP: 16/16 MP: 2/2
    30 | Abyss:1  | Noticed a ynoxinul
    38 | D:1      | Escaped the Abyss
   101 | D:1      | Reached ** piety under Lugonu
   108 | D:1      | You fall into a shaft and drop 1 floor!
   153 | D:1      | Reached XP level 2. HP: 17/21 MP: 3/3
   288 | D:1      | Found Nevumum's Jewellery Emporium.
   662 | D:1      | Reached XP level 3. HP: 24/26 MP: 4/4
   776 | D:1      | Found a faded altar of an unknown god.
   939 | D:2      | Noticed Jessica
  1134 | D:2      | Reached skill level 1 in Short Blades
  1172 | D:2      | Killed Jessica
  1173 | D:2      | Reached XP level 4. HP: 17/31 MP: 4/6
  1523 | D:2      | Reached *** piety under Lugonu
  2040 | D:3      | Reached XP level 5. HP: 34/36 MP: 7/7
  2079 | D:3      | Found an ornate altar of the Wu Jian Council.
  2880 | D:4      | Found a glowing drain.
  2887 | Sewer    | Entered a sewer
  3021 | Sewer    | Reached XP level 6. HP: 43/43 MP: 8/8
  3046 | Sewer    | Reached **** piety under Lugonu
  3730 | D:4      | Found a radiant altar of Vehumet.
  4092 | D:4      | Found a shimmering blue altar of Sif Muna.
  4291 | D:4      | Reached XP level 7. HP: 30/49 MP: 10/10
  4465 | D:5      | Entered Level 5 of the Dungeon
  4477 | D:5      | Found a staircase to the Ecumenical Temple.
  5341 | D:4      | Reached skill level 5 in Fighting
  5611 | D:5      | Reached skill level 1 in Shields
  5641 | D:5      | Found a hazy altar of Hepliaklqana.
  5686 | D:5      | Found a glowing silver altar of Zin.
  5686 | D:5      | Noticed an angel
  5691 | D:5      | Found a shimmering altar of Xom.
  5986 | D:5      | Reached ***** piety under Lugonu
  5987 | D:5      | Reached skill level 5 in Invocations
  5987 | D:5      | Reached XP level 8. HP: 55/55 MP: 11/11
  6097 | D:5      | Reached skill level 5 in Dodging
  6376 | D:6      | Noticed Menkaure
  6387 | D:6      | HP: 3/84 [Menkaure (4)]
  6388 | D:6      | Mangled by an ogre

Illustrated notes

Levels and vault maps discovered:
D:1:      sevenhm_arrival_forest_fort_small_5, layout_basic,
          shapermc_ecumenical_altar_mp_vishouse, serial_shops, shop
D:2:      minmay_angry_zag, layout_rooms, kennysheep_nondescript, uniq_jessica
D:3:      layout_basic, nzn_wu_jian_contemplation
D:4:      layout_layer_cave, vehumet_statue, lemuel_coloured_pillars_altar,
          gup_sewer_entry_bowl, minmay_misc_feat_secret_circle,
          serial_bayou_crossing
D:5:      nicolae_cairo_tiling_large_dashed, layout_basic,
          grunt_temple_overflow_order_and_chaos_1, nzn_hepliaklqana_mist_gate,
          minmay_temple_entry_mist
D:6:      layout_cave_pods, mainiacjoe_overflow_brackets, uniq_menkaure,
          uniq_blork_the_orc

Skill      XL: |  1  2  3  4  5  6  7  8 |
---------------+-------------------------+-----
Short Blades   | 1 2 3 4 |  4.2
Dodging        | 3 4 5 |  5.1
Invocations    | 3 4 5 |  5.2
Fighting       | 4 5 |  5.5
Shields        | 1 |  1.9
Unarmed Combat | |  2.2

Action                   |  1- 3 |  4- 6 |  7- 9 || total
-------------------------+-------+-------+-------++-------
Melee: Unarmed           |    19 |       |       ||    19
       Constrict         |    22 |    43 |    27 ||    92
       Tentacles         |    16 |    33 |    24 ||    73
       Dagger            |    68 |   156 |    98 ||   322
       Punch             |     1 |     4 |       ||     5
Invok: Depart the Abyss  |     1 |       |       ||     1
Evoke: Wand              |       |       |     4 ||     4
  Use: Scroll            |       |     6 |     2 ||     8
       Potion            |       |       |     4 ||     4
 Stab: Sleeping          |     7 |     8 |     2 ||    17
       Distracted        |       |     1 |       ||     1
Armor: Skin              |     4 |     6 |     2 ||    12
Dodge: Dodged            |    44 |    76 |    39 ||   159
Block: Other             |       |    18 |    10 ||    28
       Buckler           |       |       |    22 ||    22

Table legend: (Time is in decaauts)
 A = Elapsed time spent in this place.
 B = Non-inter-level travel time spent in this place.
 C = Inter-level travel time spent in this place.
 D = Time resting spent in this place.
 E = Time spent auto-exploring this place.
 F = Levels seen in this place.
 G = Mean time per level.
                   A        B        C        D        E       F      G
               +--------+--------+--------+--------+--------+-----+--------+
         Total |   6362 |   6150 |    212 |   2517 |   2221 |   8 |  795.2 |
       Dungeon |   5571 |   5359 |    212 |   2008 |   2149 |   6 |  928.5 |
         Abyss |     38 |     38 |      0 |      0 |      0 |   1 |   38.0 |
         Sewer |    753 |    753 |      0 |    509 |     72 |   1 |  753.0 |
               +--------+--------+--------+--------+--------+-----+--------+

Top non-repeatable levels by time:
     D:4: 1945 daAuts
     D:1: 1121 daAuts
     D:5: 1075 daAuts
     D:2: 995 daAuts
   Sewer: 753 daAuts
     D:3: 418 daAuts
 Abyss:1: 38 daAuts
     D:6: 14 daAuts
